[Event "Titled Tuesday Blitz November 08 Early 2022"]
[White "Borgaonkar Akshay"]
[Black "Mitrabha, Guha"]
[WhiteFideId "25639110"]
[BlackFideId "5057000"]
[WhiteElo "2063"]
[BlackElo "2526"]
[Result "0-1"]
[Round "01"]
[TimeControl "180+1"]
[Date "2022.11.09"]
[WhiteClock "0:01:49"]
[BlackClock "0:02:11"]

1. Nf3 Nf6 2. b3 g6 3. Bb2 Bg7 4. h4 h5 5. g3 O-O 6. Bg2 d6 7. d4 Bg4 8. O-O c6 9. Nbd2 Nbd7 10. Nh2 a5 11. Nxg4 Nxg4 12. e4 e5 13. dxe5 Ngxe5 14. Kh1 Qe7 15. Qe2 a4 16. a3 axb3 17. cxb3 Nc5 18. Bxe5 Bxe5 19. f4 Bxa1 20. Rxa1 Qf6 21. e5 dxe5 22. fxe5 Rfe8 23. Rf1 Qxe5 24. Qf2 Re7 25. Nc4 Nd3 26. Qf3 Qd4 27. Kh2 Ne5 28. Qf6 0-1


[Site "https://www.chess.com"]

[Event "Titled Tuesday Blitz November 08 Early 2022"]
[White "Bortnyk, Olexandr"]
[Black "Gireman, Ja"]
[WhiteFideId "14120828"]
[BlackFideId "5043794"]
[WhiteElo "2723"]
[BlackElo "2153"]
[Result "1-0"]
[Round "01"]
[TimeControl "180+1"]
[Date "2022.11.08"]
[WhiteClock "0:00:38"]
[BlackClock "0:00:06"]

1. e4 e6 2. d4 d5 3. Nc3 Bb4 4. Qd3 c5 5. dxc5 Nf6 6. exd5 Qxd5 7. Be3 Qxd3 8. Bxd3 Nd5 9. Bd4 Nc6 10. Bb5 Bd7 11. Bxc6 Bxc6 12. Ne2 f6 13. a3 Nxc3 14. axb4 Nxe2 15. Kxe2 e5 16. Be3 Kf7 17. f3 Bb5+ 18. Kf2 Rhc8 19. b3 a6 20. c4 Bc6 21. Rhd1 Rd8 22. Ke2 h6 23. Rxd8 Rxd8 24. Ra5 e4 25. b5 exf3+ 26. gxf3 axb5 27. cxb5 Bd5 28. Ra7 Ke6 29. Bf4 g5 30. Bd6 f5 31. Kf2 f4 32. b4 Kf5 33. Ra1 Bc4 34. b6 Re8 35. c6 Re2+ 36. Kg1 Bd5 37. c7 Rc2 38. Ra8 Be6 39. Rf8+ Kg6 40. Bc5 g4 41. fxg4 Bxg4 42. Rg8+ Kh5 43. Rxg4 1-0


[Site "https://www.chess.com"]

[Event "Titled Tuesday Blitz November 08 Early 2022"]
[White "Boyer, Mahel"]
[Black "Izuzquiza Gonzalez, Javier"]
[WhiteFideId "45102422"]
[BlackFideId "3101029"]
[WhiteElo "2454"]
[BlackElo "2034"]
[Result "1-0"]
[Round "01"]
[TimeControl "180+1"]
[Date "2022.11.09"]
[WhiteClock "0:00:59"]
[BlackClock "0:01:13"]

1. e4 c5 2. Nf3 e6 3. c3 Nf6 4. e5 Nd5 5. d4 cxd4 6. Qxd4 Nc6 7. Qe4 d6 8. Bb5 Bd7 9. exd6 Bxd6 10. O-O O-O 11. Rd1 a6 12. Bd3 g6 13. Bh6 Re8 14. Nbd2 Qc7 15. Nc4 Bf8 16. Qh4 b5 17. Bxf8 Rxf8 18. Ng5 h5 19. Ne3 Qf4 20. Qxf4 Nxf4 21. Bxg6 fxg6 22. Rxd7 Ne5 23. Re7 Ned3 24. Ne4 Rae8 25. Rxe8 Rxe8 26. Nf6+ 1-0


[Site "https://www.chess.com"]

[Event "Titled Tuesday Blitz November 08 Early 2022"]
[White "Buscar, Michael"]
[Black "Pichot, Alan"]
[WhiteFideId "2603616"]
[BlackFideId "110973"]
[WhiteElo "2010"]
[BlackElo "2560"]
[Result "1/2-1/2"]
[Round "01"]
[TimeControl "180+1"]
[Date "2022.11.09"]
[WhiteClock "0:00:10"]
[BlackClock "0:00:10"]

1. Nf3 Nf6 2. g3 d5 3. Bg2 Bf5 4. d3 e6 5. O-O h6 6. Nbd2 Nbd7 7. c4 c6 8. Nd4 Bh7 9. cxd5 exd5 10. N2f3 Be7 11. Rb1 a5 12. a3 O-O 13. b4 axb4 14. axb4 Re8 15. Qc2 Bd6 16. Bf4 Qe7 17. Bxd6 Qxd6 18. Bh3 Ne5 19. Nxe5 Qxe5 20. Qb2 Qh5 21. Bg2 Qe5 22. Rfc1 Ra4 23. Bf1 Bg6 24. Nf3 Qd6 25. Qc2 Rxb4 26. Rxb4 Qxb4 27. Rb1 Qe7 28. Rb6 Qc7 29. Qb2 Re7 30. Nd4 Ne8 31. Qa3 Qxb6 32. Qxe7 Qxd4 33. Qxe8+ Kh7 34. Qd7 Qb4 35. h4 h5 36. e3 Qb1 37. Kg2 Bxd3 38. Bxd3+ Qxd3 39. Qxb7 Qe4+ 40. Kg1 Qe6 41. Qc7 f6 42. Kg2 Qe4+ 43. Kg1 Qc4 44. Qf7 Kh6 45. Qf8 Qe4 46. Qh8+ Kg6 47. Qc8 c5 48. Qxc5 Qe5 49. Qc8 Kh7 50. Qc5 Qe4 51. Qc8 g5 52. Qc7+ Kg6 53. hxg5 fxg5 54. Qc8 h4 55. Qg8+ Kh5 56. Qh8+ Kg4 57. Qc8+ Kf3 58. Qh3 Ke2 59. Qf1+ Kd2 60. Qg2 Qxg2+ 61. Kxg2 Ke2 62. gxh4 gxh4 63. f4 Kxe3 64. f5 d4 65. f6 d3 66. f7 d2 67. f8=Q d1=Q 68. Qe8+ Kd2 69. Qd8+ Kc1 70. Qxd1+ Kxd1 71. Kh3 Ke2 72. Kxh4 1/2-1/2


[Site "https://www.chess.com"]

[Event "Titled Tuesday Blitz November 08 Early 2022"]
[White "Carbone, Diego"]
[Black "Firouzja, Alireza"]
[WhiteFideId "3002179"]
[BlackFideId "12573981"]
[WhiteElo "2265"]
[BlackElo "2903"]
[Result "0-1"]
[Round "01"]
[TimeControl "180+1"]
[Date "2022.11.08"]
[WhiteClock "0:00:09"]
[BlackClock "0:01:33"]

1. d4 Nf6 2. c4 g6 3. g3 Bg7 4. Bg2 O-O 5. Nf3 d6 6. Nc3 Nbd7 7. O-O e5 8. e4 c6 9. h3 exd4 10. Nxd4 Qb6 11. Re1 Re8 12. Nb3 Ne5 13. Be3 Qc7 14. Bf1 Be6 15. Nd2 a6 16. Rc1 Rad8 17. f4 Ned7 18. Bg2 h5 19. Nf3 Bxc4 20. b3 Be6 21. Nd5 Bxd5 22. exd5 c5 23. Ng5 Nf8 24. Bf2 Rxe1+ 25. Qxe1 Re8 26. Qd2 Qd7 27. Re1 Rxe1+ 28. Qxe1 N8h7 29. Kh2 b5 30. Qa5 Qc8 31. Qb6 Bf8 32. Be1 Qe8 33. Bc3 Qe3 34. Bxf6 Nxf6 35. Qxa6 h4 36. gxh4 Qxf4+ 37. Kh1 Qxh4 38. Nf3 Qb4 39. Qb7 Ne4 40. a4 bxa4 41. Qxb4 cxb4 42. bxa4 b3 43. Nd4 Nf2+ 44. Kg1 b2 45. Kxf2 b1=Q 46. a5 Qb2+ 47. Ne2 Qa2 48. Bf3 Qxa5 49. Kg3 Qc5 50. Kg2 Bg7 51. Kg3 Be5+ 52. Kg2 Qe3 53. Ng1 Bd4 54. Ne2 Qf2+ 0-1


[Site "https://www.chess.com"]

[Event "Titled Tuesday Blitz November 08 Early 2022"]
[White "Chong, Kai Ni Agnes"]
[Black "Sourath Biswas"]
[WhiteFideId "5722071"]
[BlackFideId "35091484"]
[WhiteElo "1762"]
[BlackElo "2164"]
[Result "1-0"]
[Round "01"]
[TimeControl "180+1"]
[Date "2022.11.09"]
[WhiteClock "0:00:05"]
[BlackClock "0:00:12"]

1. d4 Nf6 2. c4 g6 3. Nf3 Bg7 4. g3 O-O 5. Bg2 c5 6. O-O cxd4 7. Nxd4 d5 8. cxd5 Nxd5 9. e4 Nb6 10. Ne2 Nc6 11. Nbc3 Be6 12. b3 Nb4 13. Bb2 Nd3 14. Ba3 Rc8 15. Bxe7 Qxe7 16. Qxd3 Rfd8 17. Qe3 Qa3 18. Rad1 Qb2 19. Nd5 Bxd5 20. Rd2 Qxd2 21. Qxd2 Bxb3 22. Qa5 Bc4 23. Bf3 Ba6 24. Rc1 Rxc1+ 25. Nxc1 Rd3 26. Nxd3 Bxd3 27. Qd2 Bc4 28. Qd8+ Bf8 29. a3 Kg7 30. Qd4+ f6 31. e5 Bxa3 32. exf6+ Kf7 33. Bxb7 Be6 34. Bc6 Bf8 35. Qd8 Bc4 36. Be8+ Kg8 37. Qc7 Be6 38. Qxa7 Nd5 39. Qb7 Nxf6 40. Bc6 Bf7 41. Bg2 Ne8 42. Qf3 Nd6 43. h4 Be6 44. h5 g5 45. h6 Bxh6 46. Qf6 Nf7 47. Qxe6 Bg7 48. Bd5 Kh8 49. Qxf7 h6 50. Qg8# 1-0


[Site "https://www.chess.com"]

[Event "Titled Tuesday Blitz November 08 Early 2022"]
[White "Ciuffoletti, Paolo"]
[Black "Al-Tarboush, Ward"]
[WhiteFideId "807630"]
[BlackFideId "7601450"]
[WhiteElo "2143"]
[BlackElo "2273"]
[Result "0-1"]
[Round "01"]
[TimeControl "180+1"]
[Date "2022.11.09"]
[WhiteClock "0:00:11"]
[BlackClock "0:01:16"]

1. e4 e6 2. d4 d5 3. e5 c5 4. c3 Nc6 5. Nf3 Qb6 6. a3 Nh6 7. b4 cxd4 8. cxd4 Nf5 9. Be3 Bd7 10. Bd3 Be7 11. Nc3 Nxe3 12. fxe3 f5 13. exf6 Bxf6 14. Na4 Qd8 15. Nc5 b6 16. Nxd7 Qxd7 17. Rc1 Ne7 18. O-O O-O 19. e4 dxe4 20. Bxe4 Rad8 21. Qd3 Nf5 22. d5 Kh8 23. Rfd1 Qe7 24. Bxf5 Rxd5 25. Qe4 Rxf5 26. Nd4 Bxd4+ 27. Rxd4 Qf6 28. h3 h6 29. Rcd1 e5 30. Rd6 Rf1+ 31. Rxf1 Qxf1+ 32. Kh2 Qf4+ 33. Qxf4 exf4 34. Rd7 a5 35. bxa5 bxa5 36. Rd5 Ra8 37. a4 g5 38. Rd7 Rc8 39. Ra7 Rc5 40. Kg1 h5 41. Kf2 g4 42. hxg4 hxg4 43. Ke2 Rc2+ 44. Kf1 Rc5 45. Ke2 Re5+ 46. Kf2 Kg8 47. Rb7 Re4 48. Ra7 Rxa4 49. Ke2 Ra2+ 50. Kf1 g3 51. Ke1 a4 0-1


[Site "https://www.chess.com"]

[Event "Titled Tuesday Blitz November 08 Early 2022"]
[White "Crevatin, Leo"]
[Black "Remizov, Yaroslav"]
[WhiteFideId "1726307"]
[BlackFideId "34134015"]
[WhiteElo "2208"]
[BlackElo "2414"]
[Result "1-0"]
[Round "01"]
[TimeControl "180+1"]
[Date "2022.11.09"]
[WhiteClock "0:00:06"]
[BlackClock "0:00:03"]

1. e4 c6 2. Nc3 d5 3. Nf3 dxe4 4. Nxe4 Nf6 5. Qe2 Nxe4 6. Qxe4 Qd5 7. Qf4 Qf5 8. Qg3 Qg4 9. b3 Qxg3 10. hxg3 Nd7 11. Bb2 Nb6 12. a4 f6 13. a5 Nd5 14. O-O-O Kf7 15. d4 e6 16. c4 Nc7 17. Bc3 b6 18. Kb2 Rb8 19. axb6 axb6 20. Bd3 b5 21. Kc2 h6 22. Ra1 Rb7 23. Nd2 Be7 24. Ne4 Rd8 25. f4 Bd7 26. Ra2 Be8 27. Rha1 Rdb8 28. g4 Kf8 29. f5 Bd7 30. Ng3 bxc4 31. bxc4 c5 32. Ra7 cxd4 33. Rxb7 Rxb7 34. Bxd4 Kf7 35. Be4 Rb8 36. Ra7 Bd6 37. Ne2 exf5 38. gxf5 Ke8 39. Nc3 Kd8 40. g4 Rb4 41. Kd3 Bf4 42. Nd5 Nxd5 43. Bxd5 Bb8 44. Ra8 Kc7 45. Bc5 Rb1 46. Be3 Rd1+ 47. Ke2 Rc1 48. Bf4+ Kb6 49. Rxb8+ Ka7 50. Rd8 Rc2+ 51. Kd3 Ba4 52. Rg8 Kb6 53. Rxg7 Ra2 54. Bxh6 Kc5 55. Rc7+ Kd6 56. Bf4# 1-0


[Site "https://www.chess.com"]

[Event "Titled Tuesday Blitz November 08 Early 2022"]
[White "Csonka, Balazs"]
[Black "Jiganchine, Roman"]
[WhiteFideId "742910"]
[BlackFideId "2603667"]
[WhiteElo "2404"]
[BlackElo "2332"]
[Result "0-1"]
[Round "01"]
[TimeControl "180+1"]
[Date "2022.11.09"]
[WhiteClock "0:00:02"]
[BlackClock "0:00:19"]

1. e4 c6 2. d4 d5 3. Nd2 dxe4 4. Nxe4 Nf6 5. Nxf6+ exf6 6. c3 Bd6 7. Bd3 Na6 8. Ne2 Nc7 9. O-O Nd5 10. Ng3 O-O 11. Nf5 g6 12. Nxd6 Qxd6 13. Qf3 Re8 14. Bh6 a5 15. h4 a4 16. Rae1 Bd7 17. Bb1 a3 18. b3 b5 19. c4 Nb4 20. c5 Qxd4 21. Rd1 Qxh4 22. Rxd7 Qxh6 23. Qxf6 Qg7 24. Qh4 Nd5 25. g3 Qf6 26. Qxf6 Nxf6 27. Rd6 Re6 28. Rfd1 Rae8 29. Kf1 Nd5 30. Bd3 Rxd6 31. cxd6 Nc3 32. Rc1 b4 33. Ba6 Rd8 34. Rc2 Rxd6 35. Bc4 Rd1+ 36. Kg2 Ra1 37. Rd2 Rxa2 38. Rd7 Rb2 39. Rxf7 Kh8 40. g4 h6 41. Kg3 Ne4+ 42. Kh2 Ng5 43. Rf8+ Kg7 44. Kg3 Kxf8 0-1


[Site "https://www.chess.com"]

[Event "Titled Tuesday Blitz November 08 Early 2022"]
[White "D`Arruda, Ricardo D."]
[Black "Svane, Frederik"]
[WhiteFideId "100692"]
[BlackFideId "12923044"]
[WhiteElo "2480"]
[BlackElo "2466"]
[Result "0-1"]
[Round "01"]
[TimeControl "180+1"]
[Date "2022.11.09"]
[WhiteClock "0:00:57"]
[BlackClock "0:01:33"]

1. d4 Nf6 2. Nf3 d5 3. c4 c6 4. e3 Bg4 5. Nbd2 Nbd7 6. Bd3 e6 7. O-O Bd6 8. h3 Bh5 9. e4 dxe4 10. Nxe4 Nxe4 11. Bxe4 Nf6 12. Bc2 Qc7 13. Bg5 h6 14. Bxf6 gxf6 15. g4 Rg8 16. Kh1 Bg6 17. Bxg6 Rxg6 18. Qe2 O-O-O 19. Rad1 h5 20. gxh5 Rh6 21. h4 Rdh8 22. d5 exd5 23. cxd5 Qd7 24. Ng1 Rxh5 25. Rd4 Rxh4+ 26. Rxh4 Rxh4+ 27. Kg2 Rg4+ 28. Kh1 Qf5 29. Qe8+ Kc7 30. Qxf7+ Kb6 31. dxc6 Rh4+ 32. Kg2 Rh2# 0-1


[Site "https://www.chess.com"]

[Event "Titled Tuesday Blitz November 08 Early 2022"]
[White "Danielyan, Vahe"]
[Black "Zanette, Edgard Vinicius"]
[WhiteFideId "13304828"]
[BlackFideId "2109263"]
[WhiteElo "2423"]
[BlackElo "2211"]
[Result "1-0"]
[Round "01"]
[TimeControl "180+1"]
[Date "2022.11.09"]
[WhiteClock "0:00:37"]
[BlackClock "0:00:04"]

1. e4 c5 2. Nc3 Nc6 3. Bb5 Nd4 4. Bc4 e6 5. Nge2 Nc6 6. O-O a6 7. a4 Nf6 8. d4 cxd4 9. Nxd4 d6 10. Nxc6 bxc6 11. Bg5 Be7 12. Qf3 Rb8 13. Rad1 Qa5 14. Bd2 Qc7 15. Bb3 O-O 16. Rfe1 e5 17. h3 Be6 18. Bxe6 fxe6 19. b3 g6 20. Qd3 Nh5 21. Qxa6 Nf4 22. Bxf4 exf4 23. Qc4 Qc8 24. Rd3 Rf7 25. a5 e5 26. a6 Ra8 27. Ra1 Kg7 28. b4 f3 29. b5 fxg2 30. Qxc6 Qf8 31. Nd1 Rc8 32. Qxc8 Qxc8 33. a7 Qa8 34. b6 Bh4 35. Rb3 Qxe4 36. a8=Q Qe1+ 37. Kxg2 Rxf2+ 38. Nxf2 Qxf2+ 39. Kh1 Bg3 40. Qg2 Qxg2+ 41. Kxg2 1-0


[Site "https://www.chess.com"]

[Event "Titled Tuesday Blitz November 08 Early 2022"]
[White "Dardha, Daniel"]
[Black "Garagulya, Konstantin"]
[WhiteFideId "240990"]
[BlackFideId "4128931"]
[WhiteElo "2528"]
[BlackElo "2329"]
[Result "1-0"]
[Round "01"]
[TimeControl "180+1"]
[Date "2022.11.09"]
[WhiteClock "0:01:19"]
[BlackClock "0:00:10"]

1. e4 c5 2. a3 e6 3. b4 cxb4 4. axb4 Bxb4 5. c3 Be7 6. d4 d6 7. Bb5+ Bd7 8. Bd3 Nf6 9. Nf3 Nc6 10. Nbd2 a6 11. O-O b5 12. Re1 Qb6 13. Nf1 b4 14. d5 exd5 15. exd5 Nxd5 16. cxb4 Ndxb4 17. Bg5 Be6 18. Be4 d5 19. Bb1 h6 20. Bxe7 Nxe7 21. Nd4 O-O 22. Ra3 Rfe8 23. Rae3 Nec6 24. Nxe6 d4 25. Nxd4 Rxe3 26. fxe3 Rd8 27. Ng3 Nxd4 28. exd4 g6 29. Kh1 Qxd4 30. Qb3 a5 31. Bxg6 Qd5 32. Qxd5 Rxd5 33. Re8+ Kg7 34. Nh5+ Kxg6 35. Nf4+ Kf6 36. Nxd5+ Nxd5 37. Ra8 Nf4 38. Rxa5 Ng6 39. g3 Kg7 40. Kg2 Ne7 41. Kf3 Ng6 42. Ke4 Ne7 43. Ra7 Ng6 44. Kf5 Nf8 45. h4 Ng6 46. Ra5 Nf8 47. Ke5 Ng6+ 48. Kd6 Nf8 49. Rf5 Ng6 50. Kd7 f6 51. h5 Ne5+ 52. Ke6 Ng4 53. Rf4 Nf2 54. Rxf2 1-0


[Site "https://www.chess.com"]

[Event "Titled Tuesday Blitz November 08 Early 2022"]
[White "Darini, Pouria"]
[Black "Shapiro, Daniel"]
[WhiteFideId "12502200"]
[BlackFideId "2001780"]
[WhiteElo "2483"]
[BlackElo "2308"]
[Result "1/2-1/2"]
[Round "01"]
[TimeControl "180+1"]
[Date "2022.11.09"]
[WhiteClock "0:00:02"]
[BlackClock "0:00:35"]

1. e4 e5 2. Nf3 Nc6 3. Bc4 Be7 4. d4 d6 5. O-O Nf6 6. Re1 Bg4 7. d5 Nd4 8. Nbd2 c5 9. c3 Nxf3+ 10. Nxf3 O-O 11. Bf1 Ne8 12. h3 Bd7 13. Bd3 g6 14. c4 Ng7 15. Bd2 f5 16. a3 f4 17. b4 b6 18. Be2 g5 19. Nh2 Qe8 20. Bg4 h5 21. Bxd7 Qxd7 22. f3 Ne8 23. Rb1 Nf6 24. Bc3 Kf7 25. bxc5 bxc5 26. Qb3 Rg8 27. Qb7 Qa4 28. Qb5 Qxa3 29. Rb3 Qa2 30. Rb2 Qa3 31. Rb3 Qa2 32. Rb2 Qa3 33. Rb3 1/2-1/2


[Site "https://www.chess.com"]

[Event "Titled Tuesday Blitz November 08 Early 2022"]
[White "De Silva, L M S T"]
[Black "Prydun, Andriy"]
[WhiteFideId "9953698"]
[BlackFideId "14145898"]
[WhiteElo "2416"]
[BlackElo "2163"]
[Result "1-0"]
[Round "01"]
[TimeControl "180+1"]
[Date "2022.11.09"]
[WhiteClock "0:01:28"]
[BlackClock "0:00:26"]

1. e4 c6 2. d4 d5 3. Nc3 dxe4 4. Nxe4 Nd7 5. c3 Ngf6 6. Bd3 Nxe4 7. Bxe4 Nf6 8. Bc2 Bg4 9. Ne2 e6 10. f3 Bh5 11. Nf4 Bg6 12. Nxg6 hxg6 13. Bf4 Bd6 14. Qd2 Nd5 15. Bxd6 Qxd6 16. h3 O-O-O 17. Be4 Qg3+ 18. Qf2 Qxf2+ 19. Kxf2 Ne7 20. Rae1 Nf5 21. Bxf5 gxf5 22. g4 g6 23. h4 Rh7 24. gxf5 exf5 25. h5 Rdh8 26. Re7 Rxh5 27. Rxh5 Rxh5 28. Kg2 Rg5+ 29. Kf2 Rh5 30. Kg2 Rg5+ 31. Kh2 Rh5+ 32. Kg3 Rg5+ 33. Kf4 f6 34. Rf7 Rg2 35. Rxf6 a5 36. a4 Rxb2 37. Rxg6 b5 38. Rxc6+ Kb7 39. Rc5 Kb6 40. axb5 a4 41. Rc8 Rxb5 42. Rb8+ Ka6 43. Ra8+ Kb6 44. Rxa4 Kc6 45. Rc4+ Kd6 46. Rc5 1-0


[Site "https://www.chess.com"]

[Event "Titled Tuesday Blitz November 08 Early 2022"]
[White "Degenbaev, Aziz"]
[Black "Tokhirjonova, Gulrukhbegim"]
[WhiteFideId "13802640"]
[BlackFideId "14203626"]
[WhiteElo "2039"]
[BlackElo "2236"]
[Result "1-0"]
[Round "01"]
[TimeControl "180+1"]
[Date "2022.11.09"]
[WhiteClock "0:00:15"]
[BlackClock "0:00:19"]

1. c4 Nf6 2. Nc3 e6 3. e4 d5 4. e5 d4 5. exf6 dxc3 6. bxc3 Qxf6 7. Nf3 Be7 8. Bd3 O-O 9. O-O c5 10. Be4 Nc6 11. Rb1 Rd8 12. d4 h6 13. Be3 e5 14. Bxc6 bxc6 15. Nxe5 cxd4 16. cxd4 c5 17. Nf3 Bg4 18. d5 Bd6 19. h3 Bh5 20. Re1 Re8 21. Rb5 Re4 22. Nd2 Bxd1 23. Nxe4 Qe5 24. Nxd6 Qxd6 25. Rxd1 Rc8 26. g3 Qa6 27. d6 Qa4 28. Rd2 Qxc4 29. d7 Rd8 30. Rxc5 Qe6 31. Rc7 Kh7 32. Rxa7 Qxh3 33. Bb6 Rxd7 34. Rdxd7 Qe6 35. Be3 Qg4 36. a4 h5 37. Rxf7 Qd1+ 38. Kg2 Qd5+ 39. Kh2 h4 40. Rxg7+ Kh8 41. Rh7+ Kg8 42. Rxh4 Qd1 43. Bd4 1-0


[Site "https://www.chess.com"]

[Event "Titled Tuesday Blitz November 08 Early 2022"]
[White "Dehtiarov, Roman"]
[Black "Fajdetic, Hrvoje"]
[WhiteFideId "14186640"]
[BlackFideId "14501945"]
[WhiteElo "2200"]
[BlackElo "2172"]
[Result "1-0"]
[Round "01"]
[TimeControl "180+1"]
[Date "2022.11.09"]
[WhiteClock "0:00:05"]
[BlackClock "0:00:06"]

1. e4 e6 2. d3 d5 3. Nd2 dxe4 4. Nxe4 Nd7 5. g3 Ngf6 6. Bg2 Be7 7. Ne2 O-O 8. O-O Rb8 9. N2c3 b6 10. Be3 Bb7 11. Qd2 a6 12. Rad1 Ng4 13. h3 Nxe3 14. Qxe3 Nf6 15. Rfe1 c5 16. d4 Nxe4 17. Nxe4 Qc7 18. c3 Rfd8 19. dxc5 Bxe4 20. Qxe4 Qxc5 21. Bf1 b5 22. a3 Bf6 23. Qf3 a5 24. Rxd8+ Rxd8 25. Qb7 b4 26. axb4 axb4 27. Qxb4 Qxb4 28. cxb4 Bxb2 29. b5 Rd2 30. b6 Bd4 31. b7 Bxf2+ 32. Kh1 Bxg3 33. Rc1 g6 34. Rc8+ Kg7 35. b8=Q Bxb8 36. Rxb8 h5 37. Bg2 f5 38. Kg1 g5 39. Rb6 Kf6 40. Rb4 g4 41. hxg4 hxg4 42. Kh2 e5 43. Kg1 Kg5 44. Rb5 Kf4 45. Bb7 Re2 46. Bc8 Re3 47. Rb4+ Re4 48. Rb5 Re2 49. Kf1 Rc2 50. Bd7 Rd2 51. Be6 Rd6 52. Bc8 Rd8 53. Bb7 e4 54. Kf2 Rd2+ 55. Kf1 Kf3 56. Rb3+ Kf4 57. Rb5 Rd8 58. Kf2 g3+ 59. Kg1 Kf3 60. Rxf5+ Kg4 61. Re5 Kf3 62. Bxe4+ Kf4 63. Re7 Rd1+ 64. Kg2 Re1 65. Rf7+ Kg5 66. Bf3 Re5 67. Ra7 Kg6 68. Kxg3 Rg5+ 69. Kf4 Rf5+ 70. Ke3 Rf6 71. Be4+ Kg5 72. Ra5+ Kh6 73. Ra1 Kg7 74. Rg1+ Kf7 75. Kd4 Ke7 76. Bd5 Rf4+ 77. Ke5 Rf2 78. Rg7+ Kf8 79. Ra7 Re2+ 80. Be4 Re1 81. Kf6 Rf1+ 82. Bf5 Ke8 83. Ra8# 1-0


[Site "https://www.chess.com"]

[Event "Titled Tuesday Blitz November 08 Early 2022"]
[White "Devaev, Alexander"]
[Black "Molina, Roberto Junio Brito"]
[WhiteFideId "4169395"]
[BlackFideId "2109450"]
[WhiteElo "2225"]
[BlackElo "2388"]
[Result "1/2-1/2"]
[Round "01"]
[TimeControl "180+1"]
[Date "2022.11.09"]
[WhiteClock "0:01:05"]
[BlackClock "0:00:15"]

1. Nf3 d5 2. c4 d4 3. b3 c5 4. Bb2 Nc6 5. e3 e5 6. exd4 cxd4 7. d3 Bd6 8. a3 a5 9. Nbd2 Nf6 10. g3 O-O 11. Bg2 Re8 12. O-O Bf5 13. Ne1 Qe7 14. Ne4 Nxe4 15. Bxe4 Bxe4 16. dxe4 g6 17. Nd3 b6 18. Kh1 f5 19. Qe2 Qb7 20. Rae1 Re7 21. f3 Rf8 22. Bc1 b5 23. c5 Bb8 24. b4 axb4 25. axb4 Kg7 26. Qa2 h6 27. Kg1 Ref7 28. Bd2 Qd7 29. Qd5 Rd8 30. Qxd7 Rdxd7 31. Ra1 Ra7 32. Kg2 h5 33. Rfb1 Kf6 34. h4 fxe4 35. fxe4 Ke6 36. Bg5 Kd7 37. Rxa7+ Nxa7 38. Rf1 Rxf1 39. Kxf1 Nc6 40. Kf2 Bc7 41. Kf3 Bd8 42. g4 Bxg5 43. hxg5 hxg4+ 44. Kxg4 Ke6 45. Kh4 Ke7 46. Kg4 Kf7 47. Kh4 Ke6 48. Kg4 Kd7 49. Kh4 Ke8 50. Kg4 Kf8 51. Kh4 Kf7 52. Kg4 Ke6 53. Kh4 Ke7 54. Kg4 Ke6 1/2-1/2


[Site "https://www.chess.com"]

[Event "Titled Tuesday Blitz November 08 Early 2022"]
[White "Dominguez Perez, Leinier"]
[Black "Kirillov, Dmitry"]
[WhiteFideId "3503240"]
[BlackFideId "34180572"]
[WhiteElo "2647"]
[BlackElo "2095"]
[Result "1-0"]
[Round "01"]
[TimeControl "180+1"]
[Date "2022.11.08"]
[WhiteClock "0:00:06"]
[BlackClock "0:00:06"]

1. e4 c6 2. d4 d5 3. e5 c5 4. Nf3 Nc6 5. dxc5 Bg4 6. c3 e6 7. Be3 Bxf3 8. Qxf3 Nxe5 9. Bb5+ Nc6 10. Nd2 Nf6 11. O-O Be7 12. b4 a6 13. Ba4 O-O 14. a3 Qc7 15. h3 Rfd8 16. Nb3 e5 17. Rfd1 e4 18. Qe2 Nd7 19. Rxd5 Nf6 20. Rxd8+ Rxd8 21. Nd4 Nd5 22. Nxc6 bxc6 23. Bd4 Bf6 24. Bxf6 Nxf6 25. Rd1 h6 26. Qxa6 Rxd1+ 27. Bxd1 Qe5 28. Qc4 e3 29. Bf3 Nd5 30. Qd4 exf2+ 31. Kxf2 Qf5 32. Qe4 Qg5 33. Qe8+ Kh7 34. Bxd5 Qxd5 35. Qe3 Qa2+ 36. Kg1 Qxa3 37. Qe4+ g6 38. Qxc6 Qc1+ 39. Kh2 Qf4+ 40. g3 Qd2+ 41. Qg2 Qxc3 42. Qf2 Qxb4 43. Qxf7+ Kh8 44. Qe8+ Kh7 45. Qe7+ Kh8 46. Qf6+ Kh7 47. Qf2 Qc4 48. h4 h5 49. Qe3 Kg7 50. Kg2 Qc2+ 51. Kf3 Qf5+ 52. Ke2 Qc2+ 53. Ke1 Qb1+ 54. Kd2 Qb2+ 55. Kd3 Qb1+ 56. Kd4 Qd1+ 57. Qd3 Qg4+ 58. Kc3 Qe6 59. Qd4+ Kh7 60. Kb4 Qc6 61. Qc4 Qb7+ 62. Ka4 Qa8+ 63. Kb3 Qb7+ 64. Qb4 Qf3+ 65. Qc3 Qb7+ 66. Ka2 Qa6+ 67. Kb2 Qb7+ 68. Kc2 Qg2+ 69. Kb3 Qb7+ 70. Qb4 Qf3+ 71. Ka4 Qxg3 72. c6 Qc7 73. Qb7 1-0


[Site "https://www.chess.com"]

[Event "Titled Tuesday Blitz November 08 Early 2022"]
[White "Donskov, Anatoly"]
[Black "Jiang, Andrew"]
[WhiteFideId "24143413"]
[BlackFideId "30953510"]
[WhiteElo "2219"]
[BlackElo "1868"]
[Result "0-1"]
[Round "01"]
[TimeControl "180+1"]
[Date "2022.11.09"]
[WhiteClock "0:00:45"]
[BlackClock "0:00:37"]

1. e4 e5 2. Nf3 Nc6 3. Bb5 a6 4. Ba4 Nf6 5. Qe2 b5 6. Bb3 Be7 7. c3 O-O 8. O-O d6 9. Rd1 Na5 10. Bc2 c5 11. d4 Qc7 12. d5 Bd7 13. Nbd2 Nb7 14. Nf1 c4 15. Ng3 Nc5 16. b4 cxb3 17. axb3 a5 18. Bg5 h6 19. Bd2 a4 20. b4 Nb3 21. Bxb3 axb3 22. Rab1 Qc4 23. Be1 Qxe2 24. Nxe2 Nxe4 25. Rxb3 f5 26. Nd2 Nf6 27. Nf1 Bc8 28. f4 Rd8 29. Ne3 g6 30. Bg3 Nh5 31. Kf2 Ra2 32. Kf3 exf4 33. Nxf4 Nxf4 34. Bxf4 g5 35. g3 g4+ 36. Nxg4 fxg4+ 37. Ke3 Bf6 38. Bxh6 Re8+ 39. Kf4 Rf2# 0-1


[Site "https://www.chess.com"]

[Event "Titled Tuesday Blitz November 08 Early 2022"]
[White "Eynullayev, Altay"]
[Black "Donchenko, Alexander"]
[WhiteFideId "13413562"]
[BlackFideId "24603295"]
[WhiteElo "2114"]
[BlackElo "2572"]
[Result "0-1"]
[Round "01"]
[TimeControl "180+1"]
[Date "2022.11.09"]
[WhiteClock "0:00:31"]
[BlackClock "0:01:32"]

1. e4 c6 2. d4 d5 3. e5 Bf5 4. Nf3 e6 5. Be2 Ne7 6. O-O c5 7. Na3 Nec6 8. c3 cxd4 9. cxd4 Be7 10. Nb5 a6 11. Nc3 Nd7 12. Bf4 O-O 13. Bg3 b5 14. Rc1 Rc8 15. Bd3 Bg6 16. Bxg6 hxg6 17. Qd3 Nb6 18. Ne2 Nb4 19. Qb3 Nc4 20. a3 Nc6 21. h4 Qa5 22. Nf4 Qa4 23. Qc3 b4 24. axb4 Qxb4 25. Qxb4 Nxb4 26. b3 Na5 27. Nd2 Nbc6 28. Ne2 Bb4 29. Nf3 Nxb3 30. Rb1 Nd2 31. Nxd2 Bxd2 32. Rb6 a5 33. Rd1 Bb4 34. Ra1 Rc7 35. f3 Nxd4 36. Nxd4 Bc5 0-1


[Site "https://www.chess.com"]

[Event "Titled Tuesday Blitz November 08 Early 2022"]
[White "Faizrakhmanov, Ramil"]
[Black "Avazkhonov, Alikhon"]
[WhiteFideId "24103209"]
[BlackFideId "14208504"]
[WhiteElo "2437"]
[BlackElo "1739"]
[Result "1-0"]
[Round "01"]
[TimeControl "180+1"]
[Date "2022.11.09"]
[WhiteClock "0:01:17"]
[BlackClock "0:00:14"]

1. d4 Nf6 2. c4 e6 3. Nf3 Bb4+ 4. Bd2 Qe7 5. g3 Nc6 6. Nc3 Bxc3 7. Bxc3 Ne4 8. Rc1 d6 9. Bg2 O-O 10. d5 exd5 11. cxd5 Nxc3 12. Rxc3 Ne5 13. Nxe5 dxe5 14. O-O Bf5 15. e4 Bg6 16. Qc2 Rac8 17. Bh3 Rb8 18. f3 c5 19. Rxc5 Qd6 20. Rc1 Qb6 21. Kg2 Qb4 22. a3 Qd4 23. Qc3 Qa4 24. Qxe5 Rfe8 25. Qxb8 1-0


[Site "https://www.chess.com"]

[Event "Titled Tuesday Blitz November 08 Early 2022"]
[White "Farmani Anosheh, Armin"]
[Black "Concio, Michael Jr."]
[WhiteFideId "24613240"]
[BlackFideId "5217873"]
[WhiteElo "2289"]
[BlackElo "2236"]
[Result "0-1"]
[Round "01"]
[TimeControl "180+1"]
[Date "2022.11.09"]
[WhiteClock "0:00:13"]
[BlackClock "0:00:19"]

1. d4 Nf6 2. c4 e6 3. Nf3 Bb4+ 4. Nbd2 O-O 5. a3 Be7 6. e4 c5 7. d5 d6 8. dxe6 Bxe6 9. Bd3 Nc6 10. O-O Nd7 11. b3 Nde5 12. Be2 Bf6 13. Ra2 a6 14. Bb2 Rb8 15. Qc2 Qe7 16. Rd1 b5 17. h3 Rfc8 18. Ba1 h6 19. Nxe5 dxe5 20. cxb5 axb5 21. Nf3 Nd4 22. Nxd4 cxd4 23. Qb1 Rc7 24. Bd3 Bg5 25. Rc2 Rxc2 26. Qxc2 Qxa3 27. Qc7 Rc8 28. Qb7 Qxb3 29. Be2 Qc2 30. Bf3 Qc6 31. Qa7 Ra8 0-1


[Site "https://www.chess.com"]